 Dungeon Crawl Stone Soup version 0.20-a0-540-ge6d1839 (webtiles) character file.

142 Klosterheim the Skirmisher (level 5, -1/54 HPs)
             Began as an Ogre Skald on Jan 29, 2017.
             Shot with an arrow by a centaur (10 damage)
             ... on level 5 of the Dungeon.
             The game lasted 00:05:37 (2744 turns).

Klosterheim the Skirmisher (Ogre Skald)             Turns: 2744, Time: 00:05:38

Health: -1/54      AC:  6    Str: 15    XL:     5   Next: 25%
Magic:  5/8        EV: 10    Int: 14    God:
Gold:   118        SH:  0    Dex:  9    Spells: 5/8 levels left

rFire    . . .     SeeInvis .   a - +1 mace
rCold    . . .     Gourm    .   b - +0 robe
rNeg     . . .     Faith    .   (no shield)
rPois    .         Spirit   .   i - +2 hat
rElec    .         Reflect  .   l - +0 cloak
rCorr    .         Harm     .   (gloves unavailable)
MR       .....                  (boots unavailable)
Stlth    +.........             (no amulet)
Regen    0.2/turn               (no ring)
                                (no ring)

@: about to teleport, infused
A: unfitting armour, tough skin 1
a: no special abilities


You were on level 5 of the Dungeon.
You were not hungry.

You visited 1 branch of the dungeon, and saw 5 of its levels.

You collected 118 gold pieces.

Inventory:

Hand Weapons
 a - a +1 mace (weapon)
Armour
 b - a +0 robe (worn)
 i - a +2 hat (worn)
 l - a +0 cloak (worn)
Wands
 m - a wand of lightning (7/15)
Scrolls
 g - a scroll of enchant weapon
 h - a scroll of recharging {unknown}
 j - a scroll of amnesia {unknown}
 n - a scroll of identify
Potions
 f - a potion of mutation {unknown}
 k - a potion of curing
Books
 c - a book of Battle

   Spells                             Type                      Level
   a - Infusion                       Charms                       1
   b - Shroud of Golubria             Charms/Translocation         2
   c - Song of Slaying                Charms                       2
   d - Spectral Weapon                Hexes/Charms                 3
   e - Regeneration                   Charms/Necromancy            3
Comestibles
 d - 4 bread rations
 o - a meat ration


   Skills:
 + Level 4.2 Fighting
 * Level 4.1 Maces & Flails
 - Level 2.1 Dodging
 - Level 2.4 Spellcasting
 + Level 2.7 Charms


You had 5 spell levels left.
You knew the following spells:

 Your Spells              Type           Power        Failure   Level  Hunger
a - Infusion              Chrm           #...         10%         1    #......
b - Shroud of Golubria    Chrm/Tloc      #.........   24%         2    ###....


Dungeon Overview and Level Annotations

Branches:
Dungeon (5/15)
 Temple: D:4-7

Altars:
Nemelex Xobeh
Qazlal
Ru


Innate Abilities, Weirdness & Mutations

You are too large for most types of armour.
You have tough skin. (AC +1)


Message History

The crimson imp blinks!
The centaur wields a shortbow.
The centaur shoots an arrow.
The arrow hits you!
The crimson imp lashes its tail.
The crimson imp hits you.
You hit the crimson imp.
The crimson imp is moderately wounded.
The centaur shoots an arrow.
The arrow misses you. The crimson imp puffs mist at you.
The crimson imp hits you but does no damage.
You hit the crimson imp.
The crimson imp is heavily wounded.
The centaur shoots an arrow.
The arrow hits you.
The crimson imp blinks!
The centaur shoots an arrow.
The arrow hits you!
The centaur shoots an arrow.
The arrow hits you.
You see here an arrow.
As you read the scroll of teleportation, it crumbles to dust.
You feel strangely unstable.
The centaur shoots an arrow.
The arrow hits you!
* * * LOW HITPOINT WARNING * * *
The centaur shoots an arrow.
The arrow hits you!
You die...

####### #########
........#
.#############.#####
....................
###........######.#
####'########........#...#
.......5(@$.#..#####...#..
........###...............
.....c..####.#######'#####
####'#####...# #.# ...
###.# #####.##### #.# #.#
#...'.'...# #. ..#
#.###.###.# # ..# #.# #.#
#.# #$.###'###.###+#


You could see a centaur and a crimson imp.

Vanquished Creatures
  A centaur skeleton (D:4)
  A worker ant (D:4)
  A gnoll (D:3)
  An adder (D:3)
  A worm (D:5)
  A dart slug (D:1)
  A leopard gecko (D:2)
  2 orcs (D:3)
  A ball python (D:2)
  5 giant cockroaches
  6 goblins
  8 hobgoblins
  9 jackals
  5 kobolds
  3 quokkas
  3 bats
  5 frilled lizards
  A leopard gecko skeleton (D:4)
  4 rats
59 creatures vanquished.

Notes
Turn   | Place    | Note
-------+----------+-------------------------------------------
     0 | D:1      | Klosterheim the Ogre Skald began the quest for the Orb.
     0 | D:1      | Reached XP level 1. HP: 22/22 MP: 3/3
    90 | D:1      | Reached XP level 2. HP: 18/31 MP: 5/5
  1169 | D:2      | Reached XP level 3. HP: 37/37 MP: 6/6
  1175 | D:2      | Found a sparkling altar of Nemelex Xobeh.
  1754 | D:3      | Found a stormy altar of Qazlal.
  1757 | D:3      | You fall through a shaft!
  1763 | D:4      | Reached XP level 4. HP: 33/48 MP: 7/7
  1855 | D:4      | Found a sacrificial altar of Ru.
  1945 | D:3      | Reached XP level 5. HP: 33/54 MP: 3/8
  1960 | D:3      | Noticed a hornet
  2403 | D:3      | Learned a level 2 spell: Shroud of Golubria
  2538 | D:4      | Noticed a phantom
  2555 | D:5      | Entered Level 5 of the Dungeon
  2739 | D:5      | Noticed a centaur
  2744 | D:5      | Shot with an arrow by a centaur

Vault maps used:
D:1:      dpeg_arrival_boxorama
D:2:      nemelex_altar_shiori, first_bread
D:3:      overflow_temple_1_default, uniq_iyjb
D:4:      tgw_trog, kennysheep_little_box, hangedman_ru_absence,
          mrwooster_statue_mirror, kennysheep_nondescript, fedhas_altar_4
D:5:      lemuel_round_altar, moated_statue, eino_tiny_chamber,
          minmay_door_square, kennysheep_windowed_goal

Skill      XL: |  1  2  3  4  5 |
---------------+----------------+-----
Maces & Flails | 2 3 4 |  4.1
Fighting       | 3 4 |  4.2
Dodging        | |  2.1
Spellcasting   | |  2.4
Charms         | |  2.7

Action                   |  1- 3 |  4- 6 || total
-------------------------+-------+-------++-------
Melee: Mace              |   161 |    65 ||   226
 Cast: Infusion          |       |     3 ||     3
  Use: Scroll            |     6 |     2 ||     8
 Stab: Sleeping          |     1 |       ||     1
  Eat: Chunk             |     3 |     3 ||     6
Armor: Robe              |    86 |    27 ||   113
Dodge: Dodged            |   103 |    48 ||   151
